 Dungeon Crawl Stone Soup version 0.31.0-9-g3a7656b989 (webtiles) character file.

Game seed: 15256667131452613769

4 MacCMillion the Slasher (level 1, -2/16 HPs)
             Began as a Merfolk Gladiator on Jan 31, 2024.
             Slain by a quokka (4 damage)
             ... on level 1 of the Dungeon.
             The game lasted 00:00:26 (245 turns).

MacCMillion the Slasher (Merfolk Gladiator)          Turns: 245, Time: 00:00:27

Health: -2/16      AC:  4    Str: 14    XL:     1   Next: 70%
Magic:  1/1        EV: 13    Int:  7    God:
Gold:   9          SH:  0    Dex: 15    Spells: 0/0 levels left

rFire   . . .        a - +0 long sword
rCold   . . .        (no shield)
rNeg    . . .        b - +0 leather armour
rPois   .            c - +0 helmet
rElec   .            (no cloak)
rCorr   .            (no gloves)
SInv    .            (no boots)
Will    .....        (no amulet)
Stlth   +            (no ring)
HPRegen 0.22/turn    (no ring)
MPRegen 0.07/turn

%: no passive effects
@: no status effects
A: (nimble swimmer 2), mertail
a: no special abilities


You were on level 1 of the Dungeon.
You visited 1 branch of the dungeon, and saw 1 of its levels.

You collected 9 gold pieces.

Inventory:

Hand Weapons
 a - a +0 long sword (weapon)
Missiles
 d - 3 throwing nets (quivered)
 e - a javelin
Armour
 b - a +0 leather armour (worn)
 c - a +0 helmet (worn)


   Skills:
 - Level 2.1 Fighting
 + Level 4.1 Long Blades
 - Level 2.0 Throwing
 - Level 4.0 Dodging


You couldn't memorise any spells.
You didn't know any spells.
Your spell library was empty.

Dungeon Overview and Level Annotations

Branches:
Dungeon (1/15)

Altars:


Innate Abilities, Weirdness & Mutations

((You are very nimble when in or above water. (Stealth+, EV+, Speed+++)))
Your lower body shifts to a powerful aquatic tail in water.


Message History

You see here a hobgoblin corpse.
Found a sling.
A kobold comes into view. It is wielding a +0 club.
The kobold shouts!
You slash the kobold!
You kill the kobold!
Your Long Blades skill increases to level 4!
Things that are here:
a +0 club; a kobold corpse You see here a +0 sling.
You see here a +0 sling.
Things that are here:
a +0 club; a kobold corpse You now have 9 gold pieces.
A kobold comes into view. It is wielding a +0 whip.
A quokka comes into view.
You closely miss the kobold. The kobold hits you with a +0 whip.
The kobold closely misses you.
You closely miss the kobold. The quokka bites you.
The kobold barely misses you.
You closely miss the kobold. The quokka bites you.
The kobold closely misses you. The quokka bites you.
You closely miss the kobold. The quokka barely misses you.
The kobold barely misses you.
You barely miss the kobold. The quokka bites you.
The kobold hits you with a +0 whip.
* * * LOW HITPOINT WARNING * * *
The quokka closely misses you.
You closely miss the kobold. The kobold hits you with a +0 whip.
* * * LOW HITPOINT WARNING * * *
The quokka misses you. The kobold hits you but does no damage.
You hit the kobold but do no damage. The quokka closely misses you.
The kobold hits you but does no damage. The quokka misses you.
You barely miss the kobold.
The quokka bites you but does no damage.
The kobold closely misses you. The quokka closely misses you.
The quokka attacks as it pursues you! The quokka barely misses you.
You hit the quokka but do no damage. The quokka bites you.
You die...

#.##.# #.##.# #.##.#
######.##.## ##
#..........###...
#...##........
#.#...K......#
#.#.##r####..# # #
#.#.##@# #..# .#.
#.#.##.## #..# #.#
#.#.#...###..# #.#
#.#.#........# #.#
#........# #.# #†#
###.###..###.#######.#
#.# #.......†......#
#.# #.......####..##
#.###.####..# ##.#


You could see a quokka and a kobold.

Vanquished Creatures
  2 hobgoblins (D:1)
  A kobold (D:1)
  A rat (D:1)
4 creatures vanquished.

Notes
Turn   | Place    | Note
-------+----------+-------------------------------------------
     0 | D:1      | MacCMillion the Merfolk Gladiator began the quest for the
                  | Orb.
     0 | D:1      | Reached XP level 1. HP: 16/16 MP: 1/1
   245 | D:1      | Slain by a quokka

Illustrated notes

Levels and vault maps discovered:
D:1:      dpeg_arrival_three_same_balls, layout_loops_ring,
          hangedman_decor_riveting, minmay_worlds_worst_comb

Skill      XL: |  1 |
---------------+----+-----
Long Blades    | 4 |  4.1
Fighting       | |  2.1
Throwing       | |  2.0
Dodging        | |  4.0

Action                     || total
---------------------------++-------
  Melee: Long sword        ||    18
 Armour: Leather armour    ||    14
  Dodge: Dodged            ||    16
